 Dungeon Crawl Stone Soup version 0.21.1-1-g345015f (webtiles) character file.

5825 eccles the Cleaver (level 10, 0/94 HPs)
             Began as a Minotaur Berserker on June 11, 2018.
             Was a High Priest of Trog.
             Slain by a vampire (9 damage)
             ... on level 9 of the Dungeon on June 12, 2018.
             The game lasted 00:55:19 (8436 turns).

eccles the Cleaver (Minotaur Berserker)             Turns: 8436, Time: 00:55:20

Health: 0/94       AC: 15    Str: 23    XL:     10   Next: 51%
Magic:  9/9        EV:  6    Int:  4    God:    Trog [*****.]
Gold:   462        SH:  8    Dex: 14    Spells: 9/9 levels left

rFire    . . .     SeeInvis .   A - +0 war axe
rCold    . . .     Gourm    .   H - +0 shield
rNeg     . . .     Faith    +   n - +1 plate armour
rPois    .         Spirit   .   (helmet restricted)
rElec    .         Reflect  .   o - scarf {cloud immunity}
rCorr    +         Harm     .   t - +0 pair of gloves
MR       ++...                  (no boots)
Stlth    ..........             p - amulet of faith
HPRegen  1.25/turn              C - +2 ring of dexterity
MPRegen  0.11/turn              y - ring of resist corrosion

@: flying, regenerating, hasted, very quick
A: retaliatory headbutt, horns 2
a: Berserk, Trog's Hand, Brothers in Arms, Burn Spellbooks, Renounce Religion


You were on level 9 of the Dungeon.
You worshipped Trog.
Trog was extremely pleased with you.
You were near starving.

You visited 1 branch of the dungeon, and saw 9 of its levels.

You collected 597 gold pieces.
You spent 135 gold pieces at shops.

Inventory:

Hand Weapons
 a - a +1 hand axe
 d - a +4 mace
 g - a +2 mace of protection
 h - the +10 fustibalus of Remp {venom, Dex+8, unknown}
   (You found it on level 6 of the Dungeon)

   It poisons the ammo it fires.
   It affects your dexterity (+8).
 A - a +0 war axe (weapon)
 D - a +2 vampiric hand axe
Missiles
 k - 4 javelins (quivered)
 r - 5 tomahawks
Armour
 b - a +0 animal skin
 e - a +0 chain mail
 f - a +0 cloak
 n - a +1 plate armour (worn)
 o - a scarf of cloud immunity (worn)
 t - a +0 pair of gloves (worn)
 H - a +0 shield (worn)
Jewellery
 j - an uncursed ring of wizardry
 l - an uncursed ring of see invisible
 p - an amulet of faith (around neck)
 q - a cursed ring of loudness
 v - a +3 ring of intelligence
 y - a ring of resist corrosion (right hand)
 C - a +2 ring of dexterity (left hand)
 G - an uncursed ring of ice
Wands
 s - a wand of digging (12)
 E - a wand of enslavement (13)
 F - a wand of flame (40)
Scrolls
 i - 11 scrolls of teleportation
 m - a scroll of identify
 u - a scroll of fog
 x - 2 scrolls of enchant armour
 B - 2 scrolls of remove curse
 I - a scroll of blinking
Potions
 w - a potion of haste
Comestibles
 c - 20 rations
 z - 13 chunks of flesh


   Skills:
 * Level 10.3 Fighting
 * Level 13.6 Axes
 + Level 0.6 Throwing
 + Level 7.9 Armour
 + Level 3.8 Dodging
 + Level 1.2 Stealth


You had 9 spell levels left.
You didn't know any spells.

Dungeon Overview and Level Annotations

Branches:
Dungeon (9/15)             Temple (0/1) D:4
   Lair: D:8-11         Orc: D:9-12

Altars:
Dithmenos
Ru
Trog
Yredelemnul

Shops:
D:5 [


Innate Abilities, Weirdness & Mutations

You reflexively headbutt those who attack you in melee.
You have a pair of horns on your head.


Message History

The vampire draws strength from your injuries!
Evoke which item? (* to show all) (? for menu, Esc to quit)
Aiming: Throw Flame
Press: ? - help, Shift-Dir - straight line, f - vampire
Aim: a vampire (moderately damaged)
The puff of flame misses the vampire.
The vampire points at you and mumbles some strange words.
You resist with some effort.
You feel yourself speed up. The vampire barely misses you.
You furiously retaliate!
You headbutt the vampire.
The vampire bites you but does no damage.
Your skin crawls.
You feel resistant to hostile enchantments.
You are feeling very hungry.
The vampire barely misses you.
The vampire bites you but does no damage.
Your deep troll goes berserk!
You are near starving!
The vampire closely misses you. The vampire bites you!
You die...

.......###............#
.....†.'...#..........#
.......#####..........#
.......# ##.#########
####+### #.<..####
####....## ####..#
#########.####
#....@T......#
##....V.......#
................#
####............#
#............#
#....."......#
##############


You could see a vampire and a friendly deep troll (berserk).

Vanquished Creatures
  Pikel (D:6)
  Prince Ribbit (D:7)
  A queen bee (D:8)
  Sigmund (D:2)
  A wyvern (D:9)
  Grum (D:8)
  A hungry ghost (D:6)
  Duvessa (D:5)
  An ice beast (D:5)
  5 sky beasts
  A black bear (D:9)
  3 ogres
  2 orc warriors
  A slave (D:6)
  3 wolves (D:8)
  4 centaurs
  The ghost of kalagan the Caller, an amateur DESu (D:3)
  7 bullfrogs
  Dowan (D:5)
  18 killer bees
  A scorpion (D:7)
  6 howler monkeys
  A jelly (D:4)
  A crimson imp (D:7)
  2 orc priests
  6 hounds
  Crazy Yiuf (D:2)
  Terence (D:2)
  4 iguanas
  7 orc wizards
  2 worker ants (D:6)
  A hound zombie (D:6)
  Robin (D:2)
  6 gnolls
  A howler monkey skeleton (D:4)
  9 adders
  An ooze (D:5)
  An adder skeleton (D:8)
  3 worms (D:2)
  A dart slug (D:1)
  2 leopard geckos
  29 orcs
  A ball python (D:2)
  6 bats
  3 giant cockroaches
  10 goblins
  16 hobgoblins
  7 jackals
  8 kobolds
  7 quokkas
  3 frilled lizards
  A leopard gecko skeleton (D:8)
  5 rats
209 creatures vanquished.

Vanquished Creatures (others)
  A slave (D:6)
  An orc wizard (D:7)
  An orc (D:6)
3 creatures vanquished.

Grand Total: 212 creatures vanquished

Notes
Turn   | Place    | Note
-------+----------+-------------------------------------------
     0 | D:1      | eccles the Minotaur Berserker began the quest for the Orb.
     0 | D:1      | Reached XP level 1. HP: 19/19 MP: 0/0
   299 | D:1      | Reached skill level 4 in Axes
   299 | D:1      | Reached XP level 2. HP: 23/27 MP: 1/1
   959 | D:2      | Reached XP level 3. HP: 22/33 MP: 2/2
  1221 | D:2      | Noticed Sigmund
  1233 | D:2      | Killed Sigmund
  1233 | D:2      | Reached skill level 5 in Fighting
  1233 | D:2      | Reached skill level 5 in Axes
  1233 | D:2      | Reached XP level 4. HP: 17/42 MP: 3/3
  1233 | D:2      | Reached XP level 5. HP: 19/48 MP: 4/4
  1432 | D:2      | Noticed Terence
  1441 | D:2      | Killed Terence
  1441 | D:2      | Reached skill level 1 in Stealth
  1532 | D:2      | Reached ** piety under Trog
  1619 | D:2      | Found a runed door.
  1623 | D:2      | Noticed Crazy Yiuf
  1640 | D:2      | Killed Crazy Yiuf
  1640 | D:2      | Reached skill level 6 in Axes
  1640 | D:2      | Reached XP level 6. HP: 8/56 MP: 3/5
  1997 | D:2      | Found a transporter.
  2001 | D:2      | Found a transporter.
  2005 | D:2      | Noticed an orc warrior
  2007 | D:2      | Found a basalt altar of Yredelemnul.
  2024 | D:2      | Found a shadowy altar of Dithmenos.
  2058 | D:2      | Noticed Robin
  2070 | D:2      | Killed Robin
  2238 | D:2      | Killed an orc warrior
  2361 | D:3      | Reached *** piety under Trog
  2361 | D:3      | Reached skill level 7 in Axes
  2400 | D:3      | Noticed kalagan's ghost (amateur DESu)
  2580 | D:3      | Killed kalagan's ghost
  2580 | D:3      | Reached XP level 7. HP: 63/63 MP: 6/6
  3403 | D:3      | Found a sacrificial altar of Ru.
  3502 | D:3      | Found a shadowy altar of Dithmenos.
  3506 | D:3      | Reached **** piety under Trog
  3745 | D:4      | Reached skill level 8 in Axes
  4009 | D:4      | Found a staircase to the Ecumenical Temple.
  4459 | D:5      | Entered Level 5 of the Dungeon
  4522 | D:5      | Noticed Duvessa
  4523 | D:5      | Noticed Dowan
  4539 | D:5      | Killed Dowan
  4552 | D:5      | Killed Duvessa
  4552 | D:5      | Reached XP level 8. HP: 32/73 MP: 7/7
  4919 | D:4      | Reached skill level 9 in Axes
  5235 | D:5      | Lost intelligence.
  5235 | D:5      | Gained mutation: You are dopey. (Int -2) [potion of mutation]
  5235 | D:5      | Lost mutation: You are dopey. (Int -2) [potion of mutation]
  5414 | D:5      | Found Vouv's Antique Armour Shop.
  5429 | D:5      | Bought a pair of gloves for 135 gold pieces
  5468 | D:5      | Found a bloodstained altar of Trog.
  5580 | D:6      | Reached skill level 5 in Armour
  5616 | D:6      | Reached skill level 10 in Axes
  5755 | D:6      | Reached XP level 9. HP: 69/81 MP: 8/8
  5767 | D:6      | Reached ***** piety under Trog
  5838 | D:6      | Got a warped fustibalus
  5858 | D:6      | Noticed Pikel
  5873 | D:6      | Killed Pikel
  5873 | D:6      | Reached skill level 11 in Axes
  6541 | D:7      | Noticed Prince Ribbit
  6627 | D:7      | Killed Prince Ribbit
  6627 | D:7      | Reached skill level 12 in Axes
  7322 | D:8      | Reached XP level 10. HP: 92/92 MP: 9/9
  7347 | D:8      | Noticed Grum
  7354 | D:8      | Killed Grum
  7527 | D:8      | Reached skill level 13 in Axes
  7573 | D:8      | Reached skill level 10 in Fighting
  8188 | D:9      | Received a gift from Trog
  8436 | D:9      | Slain by a vampire

Skill      XL: |  1  2  3  4  5  6  7  8  9 10 |
---------------+-------------------------------+-----
Axes           | 4 5 6 7 8 10 12 13 | 13.6
Fighting       | 4 5 6 7 8 9 10 | 10.3
Dodging        | 3 |  3.8
Stealth        | 1 |  1.2
Armour         | 3 4 5 7 |  7.9
Throwing       | |  0.6

Action                   |  1- 3 |  4- 6 |  7- 9 | 10-12 || total
-------------------------+-------+-------+-------+-------++-------
Melee: Hand axe          |    54 |    82 |   459 |       ||   595
       Headbutt          |     7 |    17 |    81 |    26 ||   131
       Unarmed           |       |     1 |       |       ||     1
       War axe           |       |       |    13 |   108 ||   121
Throw: Javelin           |       |       |     3 |       ||     3
Invok: Berserk           |     1 |     6 |     2 |     1 ||    10
       Burn Spellbooks   |       |       |     1 |       ||     1
       Trog's Hand       |       |       |       |     2 ||     2
       Brothers in Arms  |       |       |       |     1 ||     1
Evoke: Wand              |       |       |       |     1 ||     1
  Use: Scroll            |     5 |     2 |    14 |     1 ||    22
       Potion            |     1 |     3 |     5 |     2 ||    11
  Eat: Chunk             |     2 |     5 |    15 |     4 ||    26
       Ration            |       |     1 |     2 |       ||     3
Armor: Animal skin       |     6 |       |       |       ||     6
       Chain mail        |       |    17 |       |       ||    17
       Plate armour      |       |    31 |   252 |    83 ||   366
Dodge: Dodged            |    37 |    35 |   159 |    46 ||   277
Block: Shield            |       |       |       |     3 ||     3
